 Dungeon Crawl Stone Soup version 0.27-a0-54-g64bdb92e38 (webtiles) character file.

Game seed: 3327481212943644450

39 kae the Insei (level 3, 0/23 HPs)
             Began as an Octopode Transmuter on Jan 7, 2021.
             Shot with a sling bullet by a goblin (6 damage)
             ... on level 2 of the Dungeon.
             The game lasted 00:00:33 (1444 turns).

kae the Insei (Octopode Transmuter)                 Turns: 1444, Time: 00:00:34

Health: 0/23       AC:  1    Str: 10    XL:     3   Next: 47%
Magic:  6/6        EV: 13    Int: 15    God:
Gold:   58         SH:  0    Dex: 12    Spells: 5/6 levels left

rFire    . . .     SeeInvis .     - Unarmed
rCold    . . .     Faith    .   (no shield)
rNeg     . . .     Spirit   .   (helmet restricted)
rPois    .         Reflect  .   (no amulet)
rElec    .         Harm     .   b - ring of willpower
rCorr    .         Rampage  .   (no ring)
Will     +....                  (no ring)
Stlth    ++........             (no ring)
HPRegen  0.07/turn              (no ring)
MPRegen  0.10/turn              (no ring)
                                (no ring)
                                (no ring)

@: lethally poisoned (0 -> -4)
A: almost no armour, stealthy swim, amphibious, 8 rings, constrict 8, camouflage
1, gelatinous body 1
a: no special abilities


You were on level 2 of the Dungeon.
You visited 1 branch of the dungeon, and saw 2 of its levels.

You collected 58 gold pieces.

Inventory:

Jewellery
 b - a ring of willpower (left tentacle)
Scrolls
 c - a scroll of amnesia {unknown}
 d - a scroll of identify {unknown}
Potions
 a - a potion of ambrosia {unknown}
 e - a potion of might {unknown}
 f - 2 potions of flight {unknown}
 g - a potion of berserk rage {unknown}
 h - a potion of attraction {unknown}
 i - a potion of brilliance {unknown}


   Skills:
 + Level 1.4 Fighting
 + Level 2.3 Dodging
 * Level 3.4 Unarmed Combat
 + Level 2.3 Spellcasting
 + Level 2.3 Transmutations


You had 5 spell levels left.
You knew the following spells:

 Your Spells              Type           Power        Failure   Level
a - Beastly Appendage     Tmut           16%          9%          1

Your spell library contained the following spells:

 Spells                   Type           Power        Failure   Level
 Wereblood                Tmut           8%           12%         2
 Magic Dart               Conj           4%           22%         1
 Blink                    Tloc           N/A          32%         2
 Call Imp                 Summ           1%           32%         2
 Slow                     Hex            1%           32%         2
 Spider Form              Tmut/Pois      2%           36%         3
 Conjure Flame            Conj/Fire      1%           54%         3
 Mephitic Cloud           Conj/Pois/Air  1%           54%         3
 Ice Form                 Ice/Tmut       5%           78%         4
 Blade Hands              Tmut           4%           92%         5


Dungeon Overview and Level Annotations

Branches:
Dungeon (2/15)

Altars:


Innate Abilities, Weirdness & Mutations

You cannot wear most types of armour.
You are very stealthy in the water. (Stealth+)
You are amphibious.
You can wear up to eight rings at the same time.
You can use your tentacles to constrict eight enemies at once.
Your skin changes colour to match your surroundings (Stealth+).
Your rubbery body absorbs attacks. (AC +1, EV +1)


Message History

The kobold hits you. The adder barely misses you.
You tentacle-slap the adder.
The adder is severely wounded.
You constrict the adder. The kobold closely misses you. The adder misses you.
A goblin comes into view.
You tentacle-slap the adder.
The adder is almost dead.
You constrict the adder.
You kill the adder!
You feel sick. The kobold hits you.
You tentacle-slap the kobold.
You kill the kobold!
You feel sick.
The goblin wields a +0 hunting sling.
The goblin shoots a sling bullet.
The sling bullet barely misses you.
Things that are here:
2 stones; a scroll labelled SITIMP KOGG The goblin shoots a sling bullet.
The sling bullet barely misses you.
You see here 2 sling bullets.
The goblin shoots a sling bullet.
The sling bullet hits you.
You die...

# #........... .# #
#....#....#.#.# #
#....#....#...+ #
#....##.#.#...#
#.....#.#.#<..
#######.#...#.#.#.#####
..................g....
#.#####.......#(#.#####
+ ...........(@.....# #
.###....#.#(##.##.# #
#....#.#.# # #
#....#.#.# #....#(#.#
.....#.#.# #.. ###


You could see a goblin.

Vanquished Creatures
  2 adders (D:2)
  3 giant cockroaches (D:1)
  A goblin (D:1)
  A hobgoblin (D:1)
  5 kobolds
  5 bats (D:1)
  3 frilled lizards
  2 rats (D:1)
22 creatures vanquished.

Notes
Turn   | Place    | Note
-------+----------+-------------------------------------------
     0 | D:1      | kae the Octopode Transmuter began the quest for the Orb.
     0 | D:1      | Reached XP level 1. HP: 13/13 MP: 3/3
   411 | D:1      | Reached XP level 2. HP: 11/18 MP: 3/5
  1230 | D:2      | Reached XP level 3. HP: 17/23 MP: 6/6
  1444 | D:2      | Shot with a sling bullet by a goblin

Illustrated notes

Levels and vault maps discovered:
D:1:      minmay_arrival_hallway, layout_basic
D:2:      layout_basic, yredelemnul_altar_generic, makhleb_blood_cavern_becter,
          grunt_ministairs_14

Action                   || total
-------------------------++-------
Melee: Unarmed           ||    47
       Constrict         ||    13
       Tentacles         ||     6
       Kick              ||     4
 Cast: Beastly Appendage ||    11
 Stab: Sleeping          ||     2
Armor: Skin              ||     7
Dodge: Dodged            ||    38

Table legend: (Time is in decaauts)
 A = Elapsed time spent in this place.
 B = Non-inter-level travel time spent in this place.
 C = Inter-level travel time spent in this place.
 D = Time resting spent in this place.
 E = Time spent auto-exploring this place.
 F = Levels seen in this place.
 G = Mean time per level.
                   A        B        C        D        E       F      G
               +--------+--------+--------+--------+--------+-----+--------+
         Total |   1440 |   1413 |     27 |      0 |   1256 |   2 |  720.0 |
       Dungeon |   1440 |   1413 |     27 |      0 |   1256 |   2 |  720.0 |
               +--------+--------+--------+--------+--------+-----+--------+

Top non-repeatable levels by time:
     D:1: 1198 daAuts
     D:2: 241 daAuts
